 Dungeon Crawl Stone Soup version 0.28-a0-1520-gc3277d3759 (webtiles) character file.

Game seed: 2357484717194934986

100177 Edwards80 the Phalangite (level 15, -1/144 HPs)
             Began as a Minotaur Fighter on Jan 17, 2022.
             Was the Champion of Trog.
             Killed by Olgreb's Toxic Radiance
             ... invoked by a naga ritualist
              (2 damage)
             ... on level 3 of the Snake Pit.
             The game lasted 01:21:25 (20078 turns).

Edwards80 the Phalangite (Minotaur Fighter)        Turns: 20078, Time: 01:21:25

Health: -1/144     AC: 26    Str: 33    XL:     15   Next: 79%
Magic:  14/14      EV:  9    Int:  5    God:    Trog [******]
Gold:   1253       SH:  5    Dex: 17    Spells: 14/14 levels left

rFire   . . .      SeeInvis +   a - +9 bardiche (flame)
rCold   . . .      Faith    .   (shield currently unavailable)
rNeg    + + +      Spirit   .   U - +0 chain mail of the Apothecary {rN++}
rPois   .          Reflect  +   N - +2 hat
rElec   .          Harm     .   m - +2 cloak
rCorr   .          Rampage  .   G - +2 pair of gloves of the Armoured One {rN+ Regen+ SInv}
Will    ++...                   W - +2 pair of boots
Stlth   ..........              V - amulet of reflection
HPRegen 1.14/turn               e - +6 ring of dexterity
MPRegen 0.14/turn               T - ring "Puuneergh" {Will+ Str+6}

@: lethally poisoned (-1 -> -4)
A: horns 2, retaliatory headbutt
a: Renounce Religion, Berserk, Trog's Hand, Brothers in Arms


You were on level 3 of the Snake Pit.
You worshipped Trog.
Trog was exalted by your worship.
You visited 4 branches of the dungeon, and saw 22 of its levels.
You also visited: Sewer.

You collected 1253 gold pieces.

Inventory:

Hand Weapons
 a - a +9 bardiche of flaming (weapon)
 b - the +4 trident of Anerack {vorpal, Will+ Int+7 Dex-3}
   (You found it on level 7 of the Dungeon)

   It inflicts extra damage upon your enemies.
   Int:       It affects your intelligence (+7).
   Dex:       It affects your dexterity (-3).
   Will:      It increases your willpower.
 l - a +2 antimagic trident
Missiles
 h - 5 throwing nets (quivered)
Armour
 d - +0 steam dragon scales
 m - a +2 cloak (worn)
 o - a +1 scale mail of poison resistance
 G - the +2 pair of gloves of the Armoured One (worn) {rN+ Regen+ SInv}
   (You found it on level 8 of the Dungeon)

   rN:        It protects you from negative energy.
   SInv:      It lets you see invisible.
   Regen:     It increases your rate of health regeneration.
 N - a +2 hat (worn)
 O - an orb of energy
 U - the +0 chain mail of the Apothecary (worn) {rN++}
   (You found it on level 11 of the Dungeon)

   rN:        It greatly protects you from negative energy.
 W - a +2 pair of boots (worn)
Jewellery
 e - a +6 ring of dexterity (left hand)
 j - a +6 ring of strength
 z - a ring of see invisible
 B - a ring of protection from fire
 K - an amulet of faith
 S - a +4 ring of evasion
 T - the ring "Puuneergh" (right hand) {Will+ Str+6}
   (You found it on level 11 of the Dungeon)

   [ring of strength]

   Str:       It affects your strength (+6).
   Will:      It increases your willpower.
 V - an amulet of reflection (around neck)
Wands
 i - a wand of polymorph (7)
 p - a wand of acid (5)
 u - a wand of digging (3)
 y - a wand of charming (3)
 A - a wand of iceblast (18)
 C - a wand of flame (15)
 J - a wand of paralysis (2)
 X - a wand of mindburst (15)
Scrolls
 g - a scroll of blinking {unknown}
 k - a scroll of silence {unknown}
 n - a scroll of summoning {unknown}
 v - 8 scrolls of teleportation
 x - 2 scrolls of fog
 I - a scroll of brand weapon {unknown}
 Q - a scroll of vulnerability {unknown}
 R - a scroll of fear {unknown}
 Y - a scroll of magic mapping {unknown}
 Z - a scroll of holy word {unknown}
Potions
 c - a potion of cancellation
 f - 3 potions of haste
 q - 6 potions of curing
 r - 3 potions of lignification
 s - 2 potions of resistance
 t - a potion of invisibility
 w - 5 potions of flight
 D - 3 potions of might
 F - 2 potions of ambrosia {unknown}
Miscellaneous
 H - a lightning rod (4/4)
 L - a piece from Xom's chessboard (15/15)
 M - a box of beasts
 P - a tin of tremorstones (1/2)


   Skills:
 - Level 16.1 Fighting
 + Level 22.4 Polearms
 - Level 16.0 Armour
 - Level 13.1 Shields


You had 14 spell levels left.
You didn't know any spells.
Your spell library contained the following spells:

 Spells                   Type           Power      Damage    Failure   Level
 Beastly Appendage        Tmut           0%         N/A       83%         1
 Ensorcelled Hibernation  Hex/Ice        0%         N/A       92%         2
 Passwall                 Tmut/Erth      0%         N/A       92%         2
 Wereblood                Tmut           0%         N/A       92%         2
 Spider Form              Tmut/Pois      0%         N/A       99%         3
 Swiftness                Air            0%         N/A       99%         3
 Animate Armour           Summ/Erth      0%         N/A       100%        4
 Blade Hands              Tmut           0%         N/A       100%        5
 Iron Shot                Conj/Erth      0%         9d1       100%        6


Dungeon Overview and Level Annotations

Branches:
Dungeon (12/15)            Temple (1/1) D:6            Lair (6/6) D:11
 Shoals (0/4) Lair:4        Snake (3/4) Lair:2        Slime (0/5) Lair:5
    Orc (0/2) D:10          Sewer (visited)

Altars:
Ashenzari
Cheibriados
Dithmenos
Elyvilon
Fedhas
Gozag
Hepliaklqana
Kikubaaqudgha
Makhleb
Nemelex Xobeh
Okawaru
Qazlal
Ru
Sif Muna
Trog
Uskayaw
Vehumet
Wu Jian
Xom
Yredelemnul
Zin
The Shining One

Shops:
D:1 *[:   Snake:2 (

Annotations:
D:6 exclusion: oklob plant
D:9 3 runed translucent doors, Protee's ghost, novice DsCK; orehx's ghost, journeyman DsGl
D:12 Jorgrun
Lair:6 exclusion: oklob plant
Snake:2 Roxanne


Innate Abilities, Weirdness & Mutations

You have a pair of horns on your head.
You reflexively headbutt those who attack you in melee.


Message History

You are more poisoned.
You feel very sick.
You are more poisoned.
You feel very sick.
You are more poisoned.
The shock serpent shoots out a bolt of lightning at you!
The bolt of electricity hits you!
You feel very sick.
You are more poisoned.
The naga ritualist's toxic aura wanes.
You feel very sick.
The shock serpent shoots out a bolt of lightning at you!
The bolt of electricity misses you. x2
You feel very sick.
You feel sick.
You feel sick.
The shock serpent shoots out a bolt of lightning at you!
The bolt of electricity hits you!
* * * LOW HITPOINT WARNING * * *
You feel sick.
You feel better.
The naga ritualist mumbles some strange prayers to its god.
The naga ritualist begins to radiate toxic energy.
* * * LOW HITPOINT WARNING * * *
You are poisoned.
The shock serpent barely misses you.
You feel sick.
* * * LOW HITPOINT WARNING * * *
You are more poisoned.
You feel sick.
* * * LOW HITPOINT WARNING * * *
You are more poisoned.
The shock serpent bites you but does no damage.
You feel sick.
* * * LOW HITPOINT WARNING * * *
You are more poisoned.
The shock serpent shoots out a bolt of lightning at you!
The bolt of electricity hits you!!
* * * LOW HITPOINT WARNING * * *
There is a stone staircase leading up here.
* * * LOW HITPOINT WARNING * * *
You feel very sick.
You die...

#...# .....####..#.....#....
#...# #...#N..##....#.### #...#
.. #...........#.... ....# ...
#..###.........#. ....# #.. #..#
....#....#. #...# #.# ##..#
..#.##...#. #...## #.## #...#
.###.##.... #....###..# ##S..#
....... #.....##..#####.@..##.
##.... #............#......#..##
###.. ..........##...........#.
##. ......>...#...#..........#
###..
.#............###........####...#
###..........## ##............###
# ##........## ##..........#
##.......# #...........#
##..###.>### ###....##.....#


You could see a naga ritualist (toxic aura) and a shock serpent.

Vanquished Creatures
  Nikola (Snake:2)
  Snorg (D:10)
  A fire dragon (Lair:6)
  Harold (D:8)
  14 hydras
  A salamander tyrant (Snake:3)
  A boulder beetle (D:12)
  A death knight (D:11)
  3 catoblepae
  5 anacondas
  6 two-headed ogres
  10 death yaks
  4 naga sharpshooters (Snake:2)
  4 shock serpents
  2 salamander mystics (Snake:2)
  A fire crab (Lair:6)
  5 naga ritualists
  2 wizards
  4 mana vipers
  2 deep elf pyromancers (D:10)
  2 cyclopes (D:11)
  6 salamanders
  2 ugly things
  3 manticores
  13 elephants
  33 black mambas
  16 cane toads
  3 molten gargoyles (Lair:6)
  A torpor snail (Lair:5)
  8 naga magi
  A gargoyle (D:9)
  10 komodo dragons
  An unseen horror (D:11)
  2 rime drakes
  A troll (shapeshifter) (D:11)
  Grinder (D:4)
  3 trolls
  A polar bear (Lair:4)
  A slime creature (D:9)
  16 blink frogs
  3 shadows
  Sigmund (D:3)
  7 wyverns
  3 wraiths
  2 vampires
  61 yaks
  5 basilisks (Lair:6)
  3 steam dragons
  21 nagas
  An acid dragon (D:9)
  A warg (D:10)
  7 water moccasins
  5 hell hounds (Lair:6)
  3 orc warriors
  A sky beast (D:6)
  2 black bears
  2 ice beasts
  2 ogres (D:6)
  31 wolves
  10 centaurs
  8 kobold brigands
  13 bullfrogs
  A wyvern zombie (D:7)
  2 gnoll sergeants (D:9)
  A wyvern skeleton (D:9)
  A killer bee (D:9)
  3 wights (D:10)
  3 electric eels
  5 lava snakes (Lair:6)
  4 howler monkeys
  4 centaur zombies
  A bullfrog zombie (D:5)
  A hound (D:6)
  15 jellies
  5 orc priests
  Crazy Yiuf (D:3)
  2 centaur skeletons
  2 gnoll shamans
  Natasha (thrice) (D:2)
  An iguana (D:5)
  14 orc wizards
  A killer bee zombie (D:9)
  A centaur simulacrum (D:9)
  4 howler monkey zombies
  2 howler monkey skeletons
  11 gnolls
  6 adders
  5 river rats
  A white imp (D:7)
  2 worms (Sewer)
  A dart slug (D:1)
  25 orcs
  6 endoplasms
  8 giant cockroaches
  7 goblins
  7 hobgoblins
  7 jackals (D:2)
  4 quokkas
  8 ball pythons
  7 bats
  2 frilled lizards
  26 kobolds
  5 rats
600 creatures vanquished.

Vanquished Creatures (others)
  A mana viper (Snake:3)
  11 fungi
  30 plants
  6 withered plants (D:9)
48 creatures vanquished.

Grand Total: 648 creatures vanquished

Notes
Turn   | Place    | Note
-------+----------+-------------------------------------------
     0 | D:1      | Edwards80 the Minotaur Fighter began the quest for the Orb.
     0 | D:1      | Reached XP level 1. HP: 19/19 MP: 0/0
    58 | D:1      | Found Jetasim's Antique Armour Shoppe.
    94 | D:1      | Reached XP level 2. HP: 27/27 MP: 1/1
   142 | D:1      | Found Vygimoosa's General Store.
   174 | D:1      | Found Waudodd's Book Emporium.
   692 | D:2      | Noticed Natasha
   698 | D:2      | Killed Natasha
   699 | D:2      | Reached skill level 3 in Polearms
   699 | D:2      | Reached XP level 3. HP: 28/33 MP: 2/2
   794 | D:2      | Noticed Natasha
   803 | D:2      | Killed Natasha
   804 | D:2      | Reached XP level 4. HP: 16/41 MP: 3/3
   805 | D:2      | Noticed Natasha
   808 | D:2      | Killed Natasha
  1196 | D:2      | Reached XP level 5. HP: 39/47 MP: 1/4
  1718 | D:3      | Found a runed translucent door.
  1719 | D:3      | Noticed Crazy Yiuf
  1792 | D:3      | Killed Crazy Yiuf
  1793 | D:3      | Reached skill level 4 in Polearms
  2107 | D:3      | Noticed Sigmund
  2121 | D:3      | Killed Sigmund
  2122 | D:3      | Reached skill level 5 in Polearms
  2122 | D:3      | Reached XP level 6. HP: 43/55 MP: 1/5
  2347 | D:3      | Found a faded altar of an unknown god.
  2403 | D:3      | Reached skill level 6 in Polearms
  2689 | D:4      | Noticed Grinder
  2706 | D:4      | Killed Grinder
  2707 | D:4      | Reached skill level 7 in Polearms
  2707 | D:4      | Reached XP level 7. HP: 56/60 MP: 2/6
  3029 | D:5      | Entered Level 5 of the Dungeon
  3060 | D:5      | Found a glowing drain.
  3092 | D:5      | Reached skill level 8 in Polearms
  3117 | Sewer    | Entered a sewer
  3358 | Sewer    | Reached skill level 9 in Polearms
  3794 | D:5      | Noticed a shadow
  3800 | D:5      | Killed a shadow
  3801 | D:5      | Reached skill level 10 in Polearms
  3801 | D:5      | Reached XP level 8. HP: 37/67 MP: 2/7
  4339 | D:6      | Reached skill level 11 in Polearms
  4417 | D:6      | Found a snail-covered altar of Cheibriados.
  4608 | D:6      | Found a staircase to the Ecumenical Temple.
  4632 | Temple   | Entered the Ecumenical Temple
  4779 | Temple   | Became a worshipper of Trog the Wrathful
  4984 | D:6      | Reached skill level 12 in Polearms
  5059 | D:6      | Found a blossoming altar of Fedhas.
  5078 | D:6      | Noticed an oklob plant
  5773 | D:7      | Noticed a troll
  5780 | D:7      | Killed a troll
  5928 | D:7      | Identified the +4 trident of Anerack {vorpal, Will+ Int+7
                  | Dex-3}
  6001 | D:7      | Reached XP level 9. HP: 69/73 MP: 8/8
  6016 | D:7      | Reached skill level 13 in Polearms
  6888 | D:8      | Noticed Harold
  6907 | D:8      | Killed Harold
  6908 | D:8      | Reached skill level 14 in Polearms
  7142 | D:8      | Identified the +2 pair of gloves of the Armoured One {rN+
                  | Regen+ SInv}
  7172 | D:8      | Reached * piety under Trog
  7528 | D:9      | Identified the +0 whip "Orokhluit" {elec, rC- rN++ rCorr}
  7602 | D:9      | Reached XP level 10. HP: 82/92 MP: 3/9
  7643 | D:9      | Found a runed translucent gate.
  7644 | D:9      | Found a runed translucent gate.
  7644 | D:9      | Found a runed translucent gate.
  7645 | D:9      | Noticed orehx's ghost (journeyman DsGl)
  7645 | D:9      | Noticed Protee's ghost (novice DsCK)
  7647 | D:9      | Reached ** piety under Trog
  7655 | D:9      | Reached skill level 10 in Fighting
  7690 | D:9      | Found a sparkling altar of Nemelex Xobeh.
  8043 | D:9      | Noticed a gargoyle
  8053 | D:9      | Noticed a red ugly thing
  8068 | D:9      | Killed a gargoyle
  8080 | D:9      | Killed a red ugly thing
  8240 | D:9      | Noticed a catoblepas
  8268 | D:9      | Killed a catoblepas
  8269 | D:9      | Reached XP level 11. HP: 31/110 MP: 3/10
  8510 | D:10     | Entered Level 10 of the Dungeon
  8510 | D:10     | Noticed a catoblepas
  8535 | D:9      | Killed a catoblepas
  8632 | D:10     | Reached skill level 15 in Fighting
  8758 | D:10     | Noticed Snorg
  8771 | D:10     | Killed Snorg
  8811 | D:10     | Noticed a deep elf pyromancer
  8826 | D:10     | Killed a deep elf pyromancer
  8826 | D:10     | Reached *** piety under Trog
  8855 | D:10     | Noticed a deep elf pyromancer
  8871 | D:10     | Killed a deep elf pyromancer
  8906 | D:10     | Reached skill level 5 in Armour
  9041 | D:10     | Found a staircase to the Orcish Mines.
  9163 | D:10     | Found a broken altar of Ashenzari.
  9230 | D:10     | Noticed a two-headed ogre
  9236 | D:10     | Killed a two-headed ogre
  9387 | D:10     | Noticed a wizard
  9389 | D:10     | Noticed a wizard
  9395 | D:10     | Killed a wizard
  9461 | D:11     | Found a staircase to the Lair.
  9477 | D:11     | Noticed a two-headed ogre
  9477 | D:11     | Noticed a two-headed ogre
  9486 | D:11     | Killed a two-headed ogre
  9492 | D:11     | Killed a two-headed ogre
  9503 | D:11     | Reached **** piety under Trog
  9538 | D:11     | Noticed a two-headed ogre
  9546 | D:11     | Killed a two-headed ogre
  9547 | D:11     | Reached skill level 10 in Armour
  9547 | D:11     | Reached XP level 12. HP: 107/122 MP: 3/11
  9565 | D:11     | Noticed a two-headed ogre
  9566 | D:11     | Noticed an eight-headed hydra
  9585 | D:11     | Killed an eight-headed hydra
  9589 | D:11     | Killed a two-headed ogre
  9687 | D:11     | Noticed a death knight
  9704 | D:11     | Killed a death knight
  9837 | D:11     | Identified the +0 chain mail of the Apothecary {rN++}
  9837 | D:11     | Identified the ring "Puuneergh" {Will+ Str+6}
 10408 | D:12     | Noticed an eight-headed hydra
 10421 | D:12     | Killed an eight-headed hydra
 10427 | D:12     | Noticed a boulder beetle
 10446 | D:12     | Noticed a two-headed ogre
 10450 | D:12     | Killed a boulder beetle
 10473 | D:11     | Killed a two-headed ogre
 10499 | D:12     | Noticed Jorgrun
 10520 | D:11     | Reached skill level 15 in Armour
 10578 | Lair:1   | Entered Level 1 of the Lair of Beasts
 10583 | Lair:1   | Noticed a five-headed hydra
 10601 | Lair:1   | Killed a five-headed hydra
 10855 | Lair:1   | Reached XP level 13. HP: 128/128 MP: 4/12
 11096 | Lair:1   | Reached skill level 5 in Shields
 11354 | Lair:2   | Found a staircase to the Snake Pit.
 11704 | Lair:2   | Reached ***** piety under Trog
 12795 | Lair:3   | Reached skill level 10 in Shields
 13951 | Lair:4   | Received a gift from Trog
 14317 | Lair:4   | Found a staircase to the Shoals.
 14395 | Lair:4   | Found the +7 Spriggan's Knife {stab, EV+4 Stlth+}
 14740 | Lair:5   | Reached XP level 14. HP: 134/137 MP: 13/13
 14790 | Lair:5   | Reached skill level 15 in Polearms
 15103 | Lair:5   | Found a staircase to the Slime Pits.
 15584 | Lair:6   | Entered Level 6 of the Lair of Beasts
 15644 | Lair:6   | Reached skill level 16 in Polearms
 15851 | Lair:6   | Reached skill level 17 in Polearms
 16190 | Lair:6   | Reached skill level 18 in Polearms
 16522 | Lair:6   | Reached ****** piety under Trog
 16745 | Lair:6   | Reached skill level 19 in Polearms
 16777 | Lair:6   | Found a large runed translucent door.
 16778 | Lair:6   | Found a large runed translucent door.
 17098 | Snake:1  | Entered Level 1 of the Snake Pit
 17122 | Snake:1  | Reached XP level 15. HP: 131/144 MP: 5/14
 18313 | Snake:2  | Reached skill level 20 in Polearms
 18615 | Snake:2  | Received a gift from Trog
 18797 | Snake:2  | Noticed Nikola
 18800 | Snake:2  | Killed Nikola
 18805 | Snake:2  | Found Jokoa's Weapon Boutique.
 18835 | Snake:2  | Reached skill level 21 in Polearms
 19057 | Snake:2  | Identified Roxanne's Guide on Transmutation
 19057 | Snake:2  | Noticed Roxanne
 19816 | Snake:3  | Reached skill level 22 in Polearms
 20077 | Snake:3  | HP: 2/144 [shock serpent/bolt of electricity (20)]
 20078 | Snake:3  | Killed from afar by a naga ritualist

Illustrated notes

Levels and vault maps discovered:
D:1:      evilmike_arrival_rings, layout_loops_ring, serial_shops,
          nicolae_shop_overgrown_old_shop, shop, shop
D:2:      layout_loops_ring, uniq_natasha
D:3:      layout_basic, shapermc_ecumenical_altar_starsandcircs, uniq_sigmund,
          uniq_crazy_yiuf_cottage
D:4:      layout_basic, minmay_misc_feat_diagonals, uniq_grinder
D:5:      layout_cave_pools, portal_sewer_entry_c
D:6:      layout_basic, cheibriados_altar_1, tgw_fedhas,
          minmay_temple_entry_overgrown
D:7:      layout_basic
D:8:      layout_basic, uniq_harold
D:9:      minmay_quarter_circles, layout_long_grid,
          nemelex_xobeh_ov_fountains_minmay, gammafunk_ghost_cemetery,
          hangedman_weighted_door, minmay_misc_feat_hallway
D:10:     nzn_motion_control, layout_basic, general_overflow_altar, david_orc_3,
          bh_hangedman_babel_library, uniq_snorg
D:11:     minmay_the_grid_net [minmay_the_grid_outer_diamond,
          minmay_the_grid_gridbox, minmay_the_grid_spin_star,
          minmay_the_grid_pillar_ring, minmay_the_grid_diamond_grid,
          minmay_the_grid_prize_shrinking_boxes], layout_basic
D:12:     layout_cave_pools, minmay_misc_feat_square, uniq_jorgrun
Temple:   mainiacjoe_temple_coin_purse
Lair:1:   layout_chaotic_city
Lair:2:   layout_small_grid, minmay_snake_entry_guardpost_small,
          grunt_megastairs_3, infiniplex_staircase_pool_2
Lair:3:   layout_layer_cave, grunt_megastairs_5, serial_bayou_shore_a
Lair:4:   layout_roguey, elwin_shoals_entry_rocks, gauntlet_entry_generic,
          amcnicky_mini_pool_medium, serial_bayou_shore_b, lemuel_fruit_tree
Lair:5:   layout_loops_ring, minmay_slime_entry_jelly_boxes
Lair:6:   cheibrodos_lair_end_hotspot, layout_cave_shapes, serial_bayou_shore_b
Snake:1:  layout_layer_cave
Snake:2:  layout_misc_corridors, serial_shops, nicolae_shop_waterfront,
          st_stairs_2, serial_bayou_shore_b, uniq_nikola, uniq_roxanne
Snake:3:  hangedman_cross_stitches, layout_layer_cave

Skill      XL: |  1  2  3  4  5  6  7  8  9 10 11 12 13 14 15 |
---------------+----------------------------------------------+-----
Fighting       | 4 9 14 16 | 16.1
Shields        | 4 13 | 13.1
Armour         | 4 10 15 16 | 16.0
Polearms       | 3 5 7 10 12 14 19 22 | 22.4

Action                   |  1- 3 |  4- 6 |  7- 9 | 10-12 | 13-15 || total
-------------------------+-------+-------+-------+-------+-------++-------
Melee: Trident           |    68 |   107 |   357 |   548 |   432 ||  1512
       Headbutt          |     5 |     9 |    51 |   138 |   214 ||   417
       Bardiche          |       |       |       |       |   563 ||   563
Invok: Berserk           |       |       |       |     3 |     5 ||     8
Evoke: Wand              |       |       |     1 |     1 |     2 ||     4
       Tin of tremorston |       |       |       |       |     2 ||     2
       Box of beasts     |       |       |       |       |     1 ||     1
  Use: Potion            |       |     1 |       |     3 |     9 ||    13
       Scroll            |       |       |     2 |     4 |    17 ||    23
 Stab: Invisible         |       |     2 |       |       |       ||     2
       Held in net/web   |       |       |     3 |       |       ||     3
Armor: Scale mail        |    29 |     1 |       |       |       ||    30
       Plate armour      |       |    36 |   104 |   108 |       ||   248
       Chain mail        |       |       |       |    55 |   511 ||   566
Dodge: Dodged            |    22 |    14 |    49 |    81 |   333 ||   499
Block: Buckler           |    17 |    23 |   115 |   177 |   150 ||   482
       Reflection        |       |       |    12 |    15 |     4 ||    31
       Other             |       |       |       |       |   122 ||   122

Table legend: (Time is in decaauts)
 A = Elapsed time spent in this place.
 B = Non-inter-level travel time spent in this place.
 C = Inter-level travel time spent in this place.
 D = Time resting spent in this place.
 E = Time spent auto-exploring this place.
 F = Levels seen in this place.
 G = Mean time per level.
                   A        B        C        D        E       F      G
               +--------+--------+--------+--------+--------+-----+--------+
         Total |  19838 |  19088 |    750 |   1004 |  13725 |  23 |  862.5 |
       Dungeon |   9704 |   9339 |    365 |     43 |   7250 |  12 |  808.7 |
        Temple |    182 |    166 |     16 |      0 |    107 |   1 |  182.0 |
          Lair |   6440 |   6201 |    239 |    669 |   4054 |   6 | 1073.3 |
     Snake Pit |   2940 |   2811 |    129 |    292 |   1897 |   3 |  980.0 |
         Sewer |    569 |    569 |      0 |      0 |    416 |   1 |  569.0 |
               +--------+--------+--------+--------+--------+-----+--------+

Top non-repeatable levels by time:
  Lair:5: 1388 daAuts
 Snake:1: 1353 daAuts
  Lair:3: 1310 daAuts
     D:6: 1287 daAuts
 Snake:2: 1188 daAuts
     D:7: 1097 daAuts
     D:9: 1066 daAuts
     D:2: 1013 daAuts
  Lair:6: 998 daAuts
    D:11: 984 daAuts
  Lair:4: 958 daAuts
     D:3: 932 daAuts
  Lair:1: 910 daAuts
  Lair:2: 874 daAuts
    D:10: 858 daAuts
